 Dungeon Crawl Stone Soup version 0.31-a0-188-g5e087ee2ca (webtiles) character file.

Game seed: 17217146826911626554

38 qw the Shooter (level 3, -2/20 HPs)
             Began as a Deep Elf Hunter on June 23, 2023.
             Slain by an iguana (11 damage)
             ... on level 3 of the Dungeon.
             The game lasted 00:00:20 (1265 turns).

qw the Shooter (Deep Elf Hunter)                    Turns: 1265, Time: 00:00:21

Health: -2/20      AC:  6    Str: 10    XL:     3   Next: 25%
Magic:  5/5        EV: 11    Int: 13    God:
Gold:   127        SH:  0    Dex: 18    Spells: 2/2 levels left

rFire   . . .        Y - +0 shortbow
rCold   . . .        (shield currently unavailable)
rNeg    . . .        b - +0 ring mail
rPois   .            (no helmet)
rElec   .            (no cloak)
rCorr   .            f - +0 pair of gloves
SInv    .            (no boots)
Will    .....        (no amulet)
Stlth   +            (no ring)
HPRegen 0.23/turn    (no ring)
MPRegen 0.09/turn

%: no passive effects
@: no status effects
A: no striking features
a: no special abilities


You were on level 3 of the Dungeon.
You visited 1 branch of the dungeon, and saw 3 of its levels.

You collected 127 gold pieces.


   Skills:
 - Level 1.5 Fighting
 + Level 6.8 Ranged Weapons
 - Level 2.4 Dodging
 - Level 1.2 Stealth


You had 2 spell levels left.
You didn't know any spells.
Your spell library was empty.

Inventory:

Hand Weapons
 Y - a +0 shortbow (weapon)
Armour
 b - a +0 ring mail (worn)
 f - a +0 pair of gloves (worn)
Jewellery
 a - an amulet of the acrobat
Scrolls
 c - a scroll of fog {unknown}
Potions
 d - a potion of enlightenment {unknown}
 e - a potion of resistance {unknown}
 g - a potion of magic {unknown}

Dungeon Overview and Level Annotations

Branches:
Dungeon (3/15)

Altars:


Message History

As you read the scroll labelled KUMITHR PODI, it crumbles to dust.
You assume a fearsome visage.
Nothing appears to happen.
It was a scroll of fear.
Done exploring.
(D) Dungeon
Where to? (* - list waypoints, Enter - D:2, ? - help)
What level of the Dungeon? (default 1, ? - help)
There is a stone staircase leading down here.
You climb downwards.
Found a twisted steel amulet and a scroll labelled DETWIMU KUESSU.
Found a stone staircase leading down and a stone staircase leading up.
There is a stone staircase leading up here.
Waypoint 2 assigned to D:3.
a - an amulet of the acrobat
c - a scroll labelled DETWIMU KUESSU An iguana comes into view.
The iguana hisses angrily.
The iguana moves out of view.
You shoot an arrow. The arrow barely misses the iguana.
You shoot an arrow. The arrow hits the iguana.
The iguana is lightly wounded.
You shoot an arrow. The arrow hits the iguana.
The iguana is heavily wounded.
You shoot an arrow.
The arrow hits the iguana but does no damage.
The iguana is heavily wounded.
The iguana barely misses you.
You shoot an arrow. The arrow barely misses the iguana.
The iguana bites you!
Ouch! That really hurt!
The iguana bites you but does no damage.
You shoot an arrow.
The arrow hits the iguana but does no damage.
The iguana is heavily wounded.
The iguana closely misses you.
You shoot an arrow. The arrow hits the iguana.
The iguana is almost dead.
The iguana bites you!
Ouch! That really hurt!
You die...

#.>.###.#
#.......#
#######.......#
#.....#......<#
#.###.#......##
#.#...#......#
####.#.###......#
#....#..........#
#@####...<......#
#l#####.#########
..##....#
.####.#### .. #.#
.. #.# .#. #.#
### #.# #.#


You could see an iguana.

Vanquished Creatures
  An adder (D:2)
  A worm (D:2)
  A dart slug (D:1)
  4 ball pythons
  A bat (D:1)
  4 endoplasms
  A giant cockroach (D:1)
  4 goblins
  2 hobgoblins
  3 frilled lizards (D:1)
  A rat (D:1)
23 creatures vanquished.

Notes
Turn   | Place    | Note
-------+----------+-------------------------------------------
     0 | D:1      | qw the Deep Elf Hunter began the quest for the Orb.
     0 | D:1      | Reached XP level 1. HP: 12/12 MP: 3/3
     0 | D:1      | 0 ||| qw: Version: 0.3-a-9-g12657ce
     0 | D:1      | 0 ||| qw: Game counter: 4054
     0 | D:1      | 0 ||| qw: Always use a shield: true
     0 | D:1      | 0 ||| qw: God list: Okawaru
     0 | D:1      | 0 ||| qw: Allow faded altars: false
     0 | D:1      | 0 ||| qw: Do Orc after D:15 true
     0 | D:1      | 0 ||| qw: Do second Lair branch before Depths: true
     0 | D:1      | 0 ||| qw: Lair rune preference: random
     0 | D:1      | 0 ||| qw: Plans: Normal
     0 | D:1      | 0 ||| PLANNING D:1-11
   151 | D:1      | Reached skill level 6 in Ranged Weapons
   151 | D:1      | Reached XP level 2. HP: 16/16 MP: 4/4
   718 | D:1      | 718 ||| READING scroll labelled KUIXOGHULI.
   719 | D:1      | 719 ||| READING scroll labelled VIOZO GOAV.
   720 | D:1      | 720 ||| READING scroll labelled QINE UHIOCH.
   721 | D:1      | 721 ||| DROPPING scroll of butterflies.
   873 | D:2      | Reached XP level 3. HP: 20/20 MP: 5/5
  1089 | D:2      | Found a faded altar of an unknown god.
  1181 | D:2      | 1181 ||| UPGRADING to +0 ring mail.
  1191 | D:2      | 1191 ||| DROPPING +0 leather armour.
  1192 | D:2      | 1192 ||| UPGRADING to +0 pair of gloves.
  1197 | D:2      | 1197 ||| READING scroll labelled KUMITHR PODI.
  1265 | D:3      | Slain by an iguana

Levels and vault maps discovered:
D:1:      ncdulo_smallfort, layout_rooms, minivault_25, grunt_decor_junction,
          minmay_crystal_water, dreamdust_mushroom_princess
D:2:      layout_rooms, shapermc_ecumenical_altar_petra
D:3:      layout_basic, nemelex_dance_club_becter, serial_bayou_lagoon_a,
          minivault_25, moated_statue

Skill      XL: |  1 |
---------------+----+-----
Ranged Weapons | 6 |  6.8
Fighting       | |  1.5
Dodging        | |  2.4
Stealth        | |  1.2

Action                     || total
---------------------------++-------
   Fire: Shortbow          ||    65
    Use: Scroll            ||     4
 Armour: Leather armour    ||     1
         Ring mail         ||     1
  Dodge: Dodged            ||     6

Table legend:
 A = Non-vault XP
 B = Vault XP
 C = Vault XP percentage of total XP
 D = Non-vault monster count
 E = Vault monster count
 F = Vault count percentage of total count
                 A         B        C        D         E       F
            +---------+---------+-------+---------+---------+-------
      Total |      55 |       0 |   0.0 |      23 |       0 |   0.0
            +---------+---------+-------+---------+---------+-------
        D:1 |      26 |       0 |   0.0 |      15 |       0 |   0.0
        D:2 |      29 |       0 |   0.0 |       8 |       0 |   0.0
            +---------+---------+-------+---------+---------+-------
